 Dungeon Crawl Stone Soup version 0.21-a0-630-g344d351 (webtiles) character file.

1517 shenanigans the Skirmisher (level 8, -14/65 HPs)
             Began as a Barachi Skald on Dec 26, 2017.
             Demolished by an orc warrior
             ... wielding a +0 dire flail of protection
              (26 damage)
             ... on level 7 of the Dungeon.
             The game lasted 00:15:45 (4773 turns).

shenanigans the Skirmisher (Barachi Skald)          Turns: 4773, Time: 00:15:46

Health: -14/65     AC:  7    Str: 12    XL:     8   Next: 83%
Magic:  11/11      EV: 10    Int: 16    God:
Gold:   293        SH:  9    Dex: 12    Spells: 10/11 levels left

rFire    . . .     SeeInvis .   n - +2 hand axe (chop)
rCold    . . .     Gourm    .   v - +0 shield
rNeg     . . .     Faith    .   i - +0 troll leather armour {Purgy}
rPois    .         Spirit   .   (no helmet)
rElec    .         Reflect  .   o - +1 cloak
rCorr    .         Harm     .   (no gloves)
MR       .....                  (no boots)
Stlth    +.........             m - amulet of regeneration
HPRegen  1.00/turn              (no ring)
MPRegen  0.12/turn              (no ring)

@: can't hop, slow
A: +LOS, swims, slowness 1, strong legs 1
a: Hop


You were on level 7 of the Dungeon.
You were not hungry.

You visited 1 branch of the dungeon, and saw 7 of its levels.

You collected 293 gold pieces.

Inventory:

Hand Weapons
 a - a +1 hand axe
 n - a +2 hand axe of chopping (weapon)
Armour
 i - a +0 troll leather armour (worn) {Purgy}
 o - a +1 cloak (worn)
 v - a +0 shield (worn)
Jewellery
 m - an amulet of regeneration (around neck)
 t - a +2 amulet of reflection {unknown}
Scrolls
 b - a scroll of blinking
 g - 2 scrolls of teleportation
 h - 2 scrolls of enchant armour
 k - a scroll of noise {unknown}
 l - 6 scrolls of remove curse
 r - a scroll of magic mapping
Potions
 e - 3 potions of flight
 f - 2 potions of curing {unknown}
 j - a potion of haste
 s - a potion of experience {unknown}
 w - a potion of might
 x - a potion of resistance
Books
 c - a book of Battle

   Spells                             Type                      Level
   a - Infusion                       Charms                       1
   b - Shroud of Golubria             Charms/Translocation         2
   c - Song of Slaying                Charms                       2
   d - Spectral Weapon                Hexes/Charms                 3
   e - Regeneration                   Charms/Necromancy            3
 p - a book of Beasts

   Spells                             Type                      Level
   a - Summon Butterflies             Summoning                    1
   b - Call Canine Familiar           Summoning                    3
   c - Summon Ice Beast               Ice/Summoning                4
   d - Summon Mana Viper              Hexes/Summoning              5
   e - Summon Hydra                   Summoning                    7
 q - a book of Misfortune

   Spells                             Type                      Level
   a - Confusing Touch                Hexes                        1
   b - Confuse                        Hexes                        3
   c - Gell's Gravitas                Translocation                3
   d - Petrify                        Transmutation/Earth          4
   e - Metabolic Englaciation         Hexes/Ice                    5
   f - Yara's Violent Unravelling     Hexes/Transmutation          5
Comestibles
 d - 12 rations
 u - a chunk of flesh


   Skills:
 + Level 6.8 Fighting
 + Level 6.2 Axes
 + Level 6.4 Armour
 - Level 2.1 Dodging
 * Level 5.6 Shields
 - Level 2.1 Spellcasting
 - Level 3.2 Charms


You had 10 spell levels left.
You knew the following spells:

 Your Spells              Type           Power        Failure   Level  Hunger
a - Infusion              Chrm           ##..         22%         1    #......


Dungeon Overview and Level Annotations

Branches:
Dungeon (7/15)
 Temple: D:4-7

Altars:
Elyvilon
Qazlal
Ru
Trog
Xom
Zin
The Shining One

Shops:
D:5 :   D:6 :

Annotations:
D:7 Prince Ribbit


Innate Abilities, Weirdness & Mutations

Shadows flee at your approach. (+LOS)
You can swim through water.
You cover ground slowly.
You can hop short distances.


Message History

Unknown command.
Okay, then.
Hop to where?
Press: ? - help, Dir - move target cursor Boing!
A sky beast comes into view.
Your shield prevents you from hitting the sky beast.
The sky beast flickers out of sight!
Something hits you but does no damage. Something hits you but does no damage.
Something hits you.
* * * LOW HITPOINT WARNING * * *
Something shocks you.
* * * LOW HITPOINT WARNING * * *
Something hits you but does no damage. You block something's attack.
You block the orc warrior's attack.
You hear some strange, mumbled words.
The orc wizard mumbles some strange words.
The orc wizard blinks!
The orc warrior hits you with a dire flail of protection!!
You die...

### #.# #.. #.#### #.#..
#.#.# #####.###.#o########
# .....<..@........... .#
##########o#.###########.#
.......)..r...............
#########..#.#######......
#..#ยง# #.o....
#.###..#.#######oo....
#......#....o.{roo....
######.#########o.....
##########.........#####..


You could see an orc warrior, an orc wizard and a quokka.

Vanquished Creatures
  An orc warrior (D:6)
  An ice beast (D:6)
  Purgy (D:3)
  An ogre (D:5)
  2 centaurs (D:6)
  2 bullfrogs
  A water moccasin skeleton (D:6)
  A howler monkey (D:6)
  A bullfrog zombie (D:6)
  A crimson imp (D:7)
  2 centaur zombies
  An orc priest (D:4)
  5 hounds
  A jelly (D:6)
  5 orc wizards
  An iguana (D:6)
  2 worker ants (D:5)
  6 adders
  An ooze (D:5)
  An adder skeleton (D:6)
  3 worms
  A dart slug (D:2)
  7 leopard geckos
  16 orcs
  5 bats
  3 giant cockroaches
  7 goblins
  7 hobgoblins
  2 jackals (D:3)
  6 kobolds
  4 quokkas
  3 frilled lizards
  A quokka skeleton (D:6)
  7 rats
109 creatures vanquished.

Vanquished Creatures (others)
  A sky beast (D:7)
1 creature vanquished.

Grand Total: 110 creatures vanquished

Notes
Turn   | Place    | Note
-------+----------+-------------------------------------------
     0 | D:1      | shenanigans the Barachi Skald began the quest for the Orb.
     0 | D:1      | Reached XP level 1. HP: 17/17 MP: 3/3
   359 | D:1      | Reached XP level 2. HP: 19/23 MP: 5/5
   942 | D:2      | Reached XP level 3. HP: 28/29 MP: 0/6
  1237 | D:2      | Reached XP level 4. HP: 19/35 MP: 7/7
  1858 | D:3      | Reached XP level 5. HP: 39/42 MP: 1/8
  2069 | D:3      | Noticed Purgy
  2299 | D:3      | Killed Purgy
  2446 | D:3      | Found a snail-covered altar of Cheibriados.
  2448 | D:3      | Found a deep blue altar of Sif Muna.
  2448 | D:3      | Found a glowing golden altar of the Shining One.
  2449 | D:3      | Found an ornate altar of the Wu Jian Council.
  2449 | D:3      | Found a shimmering altar of Xom.
  2449 | D:3      | Found a burning altar of Makhleb.
  2647 | D:4      | Reached XP level 6. HP: 45/49 MP: 9/9
  2808 | D:4      | Reached skill level 5 in Fighting
  3327 | D:5      | Entered Level 5 of the Dungeon
  3342 | D:5      | Found a glowing silver altar of Zin.
  3342 | D:5      | Found a white marble altar of Elyvilon.
  3342 | D:5      | Found a glowing golden altar of the Shining One.
  3345 | D:5      | Found a sacrificial altar of Ru.
  3425 | D:5      | Found a bloodstained altar of Trog.
  3438 | D:5      | Reached skill level 1 in Shields
  3486 | D:5      | Reached XP level 7. HP: 42/56 MP: 10/10
  3501 | D:5      | Found a stormy altar of Qazlal.
  3579 | D:5      | Found Usoapn's Book Boutique.
  3831 | D:5      | Reached skill level 5 in Axes
  3864 | D:6      | Reached skill level 5 in Armour
  3875 | D:6      | Found Cimena's Book Emporium.
  4147 | D:6      | Reached XP level 8. HP: 64/64 MP: 11/11
  4540 | D:7      | Reached skill level 5 in Shields
  4736 | D:7      | Noticed Prince Ribbit
  4773 | D:7      | Demolished by an orc warrior

Vault maps used:
D:1:      lemuel_arrival_lava_pool
D:3:      doesnt_xom_only_xom, serial_bayou_pond_b, serial_park_tiny_pond,
          grunt_decor_arrowhead, uniq_purgy
D:4:      first_ration
D:5:      grunt_qazlal_clouds, grunt_temple_overflow_open, serial_shops,
          kennysheep_mini, trog_three_pillars_becter
D:6:      serial_shops, shop
D:7:      minmay_temple_entry_grid, dk_vineyard_2, uniq_prince_ribbit1

Skill      XL: |  1  2  3  4  5  6  7  8 |
---------------+-------------------------+-----
Armour         | 2 3 4 5 6 |  6.4
Fighting       | 3 4 5 6 |  6.8
Axes           | 3 4 5 6 |  6.2
Shields        | 1 3 5 |  5.6
Dodging        | |  2.1
Spellcasting   | |  2.1
Charms         | |  3.2

Action                   |  1- 3 |  4- 6 |  7- 9 || total
-------------------------+-------+-------+-------++-------
Melee: Hand axe          |   135 |   228 |   224 ||   587
 Cast: Infusion          |     2 |     4 |       ||     6
 Abil: Hop               |     2 |     2 |     2 ||     6
  Use: Potion            |       |     3 |     4 ||     7
       Scroll            |       |     5 |    10 ||    15
 Stab: Sleeping          |     1 |       |       ||     1
  Eat: Chunk             |     1 |     9 |     5 ||    15
Armor: Leather armour    |    44 |    26 |       ||    70
       Troll leather arm |       |    53 |    79 ||   132
Dodge: Dodged            |   130 |   153 |    67 ||   350
Block: Shield            |       |    14 |   117 ||   131

Table legend:
 A = Spawn XP
 B = Non-spawn XP
 C = Spawn XP percentage of total XP
 D = Spawn monster count
 E = Non-spawn monster count
 F = Spawn count percentage of total count
 G = Total turns spent on level
                    A         B        C        D         E        F      G
               +---------+---------+-------+---------+---------+-------+---------
         Total |       0 |    2168 |   0.0 |       0 |     110 |   0.0 |  4773
               +---------+---------+-------+---------+---------+-------+---------
           D:1 |       0 |      20 |   0.0 |       0 |      12 |   0.0 |   705
           D:2 |       0 |     111 |   0.0 |       0 |      27 |   0.0 |  1051
           D:3 |       0 |     187 |   0.0 |       0 |      15 |   0.0 |   870
           D:4 |       0 |     207 |   0.0 |       0 |      14 |   0.0 |   778
           D:5 |       0 |     243 |   0.0 |       0 |       6 |   0.0 |   461
           D:6 |       0 |    1043 |   0.0 |       0 |      27 |   0.0 |   651
           D:7 |       0 |     357 |   0.0 |       0 |       9 |   0.0 |   257
               +---------+---------+-------+---------+---------+-------+---------
